 Dungeon Crawl Stone Soup version 0.30.1-4-g462c640d31 (webtiles) character file.

Game seed: 18085065546000393550

54 Arctor the Shield-Bearer (level 3, -1/33 HPs)
             Began as a Minotaur Fighter on Sept 5, 2023.
             Slain by a quokka (4 damage)
             ... on level 2 of the Dungeon.
             The game lasted 00:00:37 (867 turns).

Arctor the Shield-Bearer (Minotaur Fighter)          Turns: 867, Time: 00:00:37

Health: -1/33      AC:  8    Str: 22    XL:     3   Next: 66%
Magic:  2/2        EV:  9    Int:  5    God:
Gold:   82         SH:  4    Dex:  9    Spells: 2/2 levels left

rFire   . . .        a - +0 war axe
rCold   . . .        c - +0 buckler
rNeg    . . .        b - +0 scale mail
rPois   .            (helmet restricted)
rElec   .            g - +0 cloak
rCorr   .            (no gloves)
SInv    .            (no boots)
Will    .....        (no amulet) Stlth
                     (no ring)
HPRegen 0.25/turn    (no ring)
MPRegen 0.08/turn

%: no passive effects
@: mighty
A: horns 2, retaliatory headbutt
a: no special abilities


You were on level 2 of the Dungeon.
You visited 1 branch of the dungeon, and saw 2 of its levels.

You collected 82 gold pieces.

Inventory:

Hand Weapons
 a - a +0 war axe (weapon)
Armour
 b - a +0 scale mail (worn)
 c - a +0 buckler (worn)
 g - a +0 cloak (worn)
Scrolls
 f - a scroll of amnesia {unknown}
 j - a scroll of magic mapping {unknown}
Potions
 d - a potion of might
 e - a potion of ambrosia {unknown}
 h - a potion of heal wounds {unknown}
 i - a potion of lignification {unknown}
 k - a potion of attraction {unknown}


   Skills:
 + Level 4.2 Fighting
 + Level 3.2 Axes
 + Level 4.2 Armour
 + Level 4.2 Shields


You had 2 spell levels left.
You didn't know any spells.
Your spell library contained the following spells:

 Spells                   Type           Power      Damage    Failure   Level
 Magic Dart               Conj           0%         1d3       86%         1
 Call Imp                 Summ           0%         N/A       94%         2
 Frozen Ramparts          Ice            0%         1d1       99%         3
 Mephitic Cloud           Conj/Pois/Air  0%         N/A       99%         3
 Ice Form                 Ice/Tmut       0%         N/A       100%        4
 Summon Ice Beast         Ice/Summ       0%         N/A       100%        4
 Summon Forest            Summ/Tloc      0%         N/A       100%        5
 Summon Mana Viper        Hex/Summ       0%         N/A       100%        5
 Summon Cactus Giant      Summ           0%         N/A       100%        6


Dungeon Overview and Level Annotations

Branches:
Dungeon (2/15)

Altars:


Innate Abilities, Weirdness & Mutations

You have a pair of horns on your head.
You reflexively headbutt those who attack you in melee.


Message History

You miss the bat. The bat misses you. The bat barely misses you.
You furiously retaliate!
You headbutt the bat!
You kill the bat! 2 gnolls come into view.
The gnoll shouts!
You hear a shout!
A rat comes into view.
A gnoll comes into view. It is wielding a +0 spear.
There are monsters nearby!
A kobold and a quokka come into view.
The kobold shouts!
There are monsters nearby!
You hit the rat.
You kill the rat!
The gnoll hits you from afar with a +0 spear.
The gnoll hits you with a +0 flail! The gnoll hits you but does no damage.
There are monsters nearby!
You slash the gnoll!
The gnoll is severely wounded.
The gnoll hits you but does no damage. The gnoll hits you with a +0 flail!
There are monsters nearby!
You are too injured to fight recklessly!
There are monsters nearby!
You are too injured to fight recklessly!
Unknown command.
The gnoll attacks as you move away! The gnoll hits you with a +0 flail.
You hit the gnoll. You headbutt the gnoll.
You kill the gnoll!
The gnoll hits you from afar with a +0 spear.
* * * LOW HITPOINT WARNING * * *
You feel very mighty all of a sudden.
The gnoll hits you from afar with a +0 spear.
* * * LOW HITPOINT WARNING * * *
The gnoll hits you with a +0 spear.
* * * LOW HITPOINT WARNING * * *
Things that are here:
a +0 flail; a gnoll corpse You slice the gnoll!!
You kill the gnoll!
The quokka bites you.
You die...

........##..........#
##......#...........
###...##..........#
..........
###........#
#.###......
##...###KgK#
#......###r#
##........#@#
#...........#
#..........##
...........#
..........## ##
..........#
.#####........##
....####......#
.......###...##


You could see a gnoll, a quokka and a kobold.

Vanquished Creatures
  2 gnolls (D:2)
  2 adders (D:2)
  A worm (D:2)
  2 endoplasms
  A giant cockroach (D:2)
  2 goblins (D:1)
  2 hobgoblins (D:2)
  A quokka (D:1)
  4 bats
  2 frilled lizards (D:2)
  4 kobolds (D:1)
  4 rats
27 creatures vanquished.

Notes
Turn   | Place    | Note
-------+----------+-------------------------------------------
     0 | D:1      | Arctor the Minotaur Fighter began the quest for the Orb.
     0 | D:1      | Reached XP level 1. HP: 19/19 MP: 0/0
   492 | D:1      | Reached XP level 2. HP: 18/27 MP: 1/1
   793 | D:2      | Reached XP level 3. HP: 33/33 MP: 2/2
   867 | D:2      | Slain by a quokka

Illustrated notes

Levels and vault maps discovered:
D:1:      reono_arrival_mine, layout_basic
D:2:      minmay_skewed_foursquare, layout_rooms, basic_ecumenical_altar

Skill      XL: |  1  2 |
---------------+-------+-----
Fighting       | 4 |  4.2
Armour         | 4 |  4.2
Shields        | 4 |  4.2
Axes           | 3 |  3.2

Action                     || total
---------------------------++-------
  Melee: War axe           ||    53
         Headbutt          ||     2
    Use: Potion            ||     1
 Armour: Scale mail        ||    23
  Dodge: Dodged            ||    30
  Block: Buckler           ||    14
